 Dungeon Crawl Stone Soup version 0.23-a0-484-g29ba69c (webtiles) character file.

36 galech the Skirmisher (level 3, -3/29 HPs)
             Began as a Demonspawn Fighter on Nov 30, 2018.
             Slain by an adder (4 damage)
             ... on level 2 of the Dungeon.
             The game lasted 00:00:52 (1166 turns).

galech the Skirmisher (Demonspawn Fighter)          Turns: 1166, Time: 00:00:53

Health: -3/29      AC:  6    Str: 21    XL:     3   Next: 19%
Magic:  3/3        EV:  7    Int:  9    God:
Gold:   126        SH: 15    Dex: 13    Spells: 2/2 levels left

rFire    . . .     SeeInvis .   a - +0 war axe
rCold    . . .     Gourm    .   c - +0 shield
rNeg     . . .     Faith    .   b - +0 scale mail
rPois    .         Spirit   .   (no helmet)
rElec    .         Reflect  .   (no cloak)
rCorr    .         Harm     .   (no gloves)
MR       .....                  (no boots)
Stlth    ..........             (no amulet)
HPRegen  0.09/turn              l - ring of wizardry
MPRegen  0.08/turn              (no ring)

@: mighty, lethally poisoned (-3 -> -8)
A: large bone plates 2
a: no special abilities


You were on level 2 of the Dungeon.
You were not hungry.

You visited 1 branch of the dungeon, and saw 2 of its levels.

You collected 126 gold pieces.

Inventory:

Hand Weapons
 a - a +0 war axe (weapon)
Armour
 b - a +0 scale mail (worn)
 c - a +0 shield (worn)
Jewellery
 l - a ring of wizardry (left hand)
Scrolls
 e - a scroll of teleportation {unknown}
 i - a scroll of identify {unknown}
Potions
 h - a potion of heal wounds {unknown}
 j - a potion of lignification {unknown}
 k - a potion of curing {unknown}
Comestibles
 f - 2 rations
 g - a chunk of flesh


   Skills:
 + Level 3.3 Fighting
 + Level 2.2 Axes
 + Level 2.9 Armour
 + Level 1.0 Dodging
 + Level 2.9 Shields


You had 2 spell levels left.
You didn't know any spells.
Your spell library was empty.

Dungeon Overview and Level Annotations

Branches:
Dungeon (2/15)

Altars:


Innate Abilities, Weirdness & Mutations

You are mostly covered in large bone plates. (SH +6)


Message History

The adder bites you but does no damage.
You barely miss the adder. You hit the adder.
* * * LOW HITPOINT WARNING * * *
You feel sick. The adder closely misses you.
The adder bites you but does no damage. You block the adder's attack.
The adder bites you.
* * * LOW HITPOINT WARNING * * *
Your shield and scale mail prevent you from hitting the adder.
You hit the adder.
You kill the adder!
Your Dodging skill increases to level 1!
You have reached level 3!
Your experience leads to an increase in your attributes!
Your base attributes are Str 16, Int 9, Dex 12.
Increase (S)trength, (I)ntelligence, or (D)exterity?
You feel agile.
Your demonic ancestry asserts itself...
Large bone plates spread over more of your arms.
* * * LOW HITPOINT WARNING * * *
You feel sick. You block the adder's attack. The adder bites you.
You die...

#.# #####...## #.#
..?.....### #.#
.......... #.#
##.##..#.### #.#
#........... ## #%##
#..##......
.#...##..####......#.#
......†@!..........#.#
......S#.####.###..#.#
#.....##.# #.#
#..#÷##. ##.$.# #.#
#.# #....<.. ##.# #.#
#.# #....##. #. #.#
#.# #..### # #.# #.#
#..# .#. #?# #..# ....


You could see an adder.

Vanquished Creatures
  An adder (D:2)
  2 oozes (D:1)
  A ball python (D:1)
  A giant cockroach (D:1)
  A goblin (D:1)
  2 hobgoblins (D:1)
  2 jackals (D:1)
  A kobold (D:1)
  3 bats (D:1)
  A frilled lizard (D:2)
  3 rats (D:1)
18 creatures vanquished.

Notes
Turn   | Place    | Note
-------+----------+-------------------------------------------
     0 | D:1      | galech the Demonspawn Fighter began the quest for the Orb.
     0 | D:1      | Reached XP level 1. HP: 18/18 MP: 1/1
   156 | D:1      | Gained mutation: You are partially covered in large bone
                  | plates. (SH +4) [demonic ancestry]
   156 | D:1      | Reached XP level 2. HP: 24/24 MP: 2/2
  1165 | D:2      | HP: 1/24 [adder (4)]
  1166 | D:2      | Reached skill level 1 in Dodging
  1166 | D:2      | Gained mutation: You are mostly covered in large bone
                  | plates. (SH +6) [demonic ancestry]
  1166 | D:2      | Reached XP level 3. HP: 2/29 MP: 3/3
  1166 | D:2      | Slain by an adder

Vault maps used:
D:1:      minmay_arrival_checkered_box, minmay_misc_feat_hallway
D:2:      dk_noncrumbling_4, minmay_heptomino_l4

Skill      XL: |  1  2 |
---------------+-------+-----
Axes           | 2 |  2.2
Dodging        | 1 |  1.0
Fighting       | |  3.3
Armour         | |  2.9
Shields        | |  2.9

Action                   || total
-------------------------++-------
Melee: War axe           ||    66
  Use: Potion            ||     1
  Eat: Chunk             ||     1
Armor: Scale mail        ||    42
Dodge: Dodged            ||    20
Block: Shield            ||    66

Table legend:
 A = Non-vault XP
 B = Vault XP
 C = Vault XP percentage of total XP
 D = Non-vault monster count
 E = Vault monster count
 F = Vault count percentage of total count
                 A         B        C        D         E       F
            +---------+---------+-------+---------+---------+-------
      Total |      52 |       0 |   0.0 |      18 |       0 |   0.0
            +---------+---------+-------+---------+---------+-------
        D:1 |      37 |       0 |   0.0 |      16 |       0 |   0.0
        D:2 |      15 |       0 |   0.0 |       2 |       0 |   0.0
            +---------+---------+-------+---------+---------+-------
